 Dungeon Crawl Stone Soup version 0.20.1-1-g8b1a95d (webtiles) character file.

51286 Glalom the Bludgeoner (level 14, -2/198 HPs)
             Began as a Minotaur Berserker on Nov 7, 2017.
             Was the Champion of Trog.
             Killed from afar by an orc sorcerer (16 damage)
             ... with a bolt of fire
             ... led by an orc warlord
             ... on level 2 of the Orcish Mines.
             The game lasted 00:37:11 (16201 turns).

Glalom the Bludgeoner (Minotaur Berserker)         Turns: 16201, Time: 00:37:12

Health: -2/198     AC: 15    Str: 28    XL:     14   Next: 22%
Magic:  18/18      EV: 20    Int:  7    God:    Trog [******]
Gold:   1335       SH:  6    Dex: 20    Spells: 13/13 levels left

rFire    . . .     SeeInvis +   s - +3 demon whip (vamp)
rCold    + + .     Gourm    .   k - +0 buckler
rNeg     . . .     Faith    .   B - +2 chain mail {rC+}
rPois    +         Spirit   .   P - +0 hat {Int+3}
rElec    .         Reflect  .   (no cloak)
rCorr    .         Harm     .   (no gloves)
MR       +++..                  O - +0 pair of boots
Stlth    ..........             y - amulet of regeneration
Regen    1.9/turn               r - ring of protection from cold
MPRegen  0.2/turn               d - ring of the Establishment {rPois EV+5 Dex+6 SInv}

@: berserking, lethally poisoned (-2 -> -2), regenerating, heavily drained, very
quick
A: retaliatory headbutt, horns 2
a: Berserk, Trog's Hand, Brothers in Arms, Burn Spellbooks, Renounce Religion


You were on level 2 of the Orcish Mines.
You worshipped Trog.
Trog was exalted by your worship.
You were hungry.

You visited 4 branches of the dungeon, and saw 21 of its levels.
You also visited: Sewer.

You collected 1443 gold pieces.
You spent 108 gold pieces at shops.

Inventory:

Hand Weapons
 s - a +3 vampiric demon whip (weapon)
 F - a +3 shortbow
Missiles
 G - 231 arrows
Armour
 k - a +0 buckler (worn)
 B - a +2 chain mail of cold resistance (worn)
 O - a +0 pair of boots (worn)
 P - a +0 hat of intelligence (worn)
Jewellery
 d - the ring of the Establishment (right hand) {rPois EV+5 Dex+6 SInv}
   (You found it on level 5 of the Dungeon)

   [ring of evasion]

   It affects your evasion (+5).
   It affects your dexterity (+6).
   It protects you from poison.
   It lets you see invisible.
 f - an uncursed ring of protection from magic
 r - a ring of protection from cold (left hand)
 y - an amulet of regeneration (around neck)
Wands
 H - a wand of lightning (12/15)
 S - a wand of iceblast (9/15)
Scrolls
 g - 8 scrolls of teleportation
 h - a scroll of identify
 m - 4 scrolls of enchant armour
 A - a scroll of recharging
 J - 3 scrolls of remove curse
 K - 2 scrolls of fog
 L - 4 scrolls of magic mapping
 N - 3 scrolls of blinking
 T - a scroll of enchant weapon
 U - 2 scrolls of fear
Potions
 a - a potion of ambrosia {unknown}
 e - 12 potions of curing
 l - 3 potions of berserk rage
 o - 3 potions of invisibility {unknown}
 p - 2 potions of brilliance {unknown}
 t - 2 potions of lignification {unknown}
 u - 4 potions of magic
 v - 4 potions of might
 x - 3 potions of flight
 z - 5 potions of heal wounds {unknown}
 C - 3 potions of resistance {unknown}
 M - 3 potions of haste {unknown}
 R - a potion of agility {unknown}
 W - a potion of mutation {unknown}
 Z - 2 potions of degeneration {unknown}
Miscellaneous
 b - a phial of floods
 w - a lightning rod (4/4)
Comestibles
 c - 7 bread rations
 i - 24 chunks of flesh
 j - 13 royal jellies
 n - 15 fruits
 q - 13 meat rations


   Skills:
 + Level 14.1(12.0) Fighting
 - Level 15.5(13.2) Maces & Flails
 + Level 14.0(11.8) Armour
 + Level 10.5(8.5) Dodging
 - Level 6.4(4.6) Shields
 + Level 7.0(5.2) Evocations


You had 13 spell levels left.
You didn't know any spells.

Dungeon Overview and Level Annotations

Branches:
Dungeon (12/15)            Temple (0/1) D:5            Lair (6/6) D:11
  Swamp (0/4) Lair:3        Snake (0/4) Lair:3        Slime (1/5) Lair:6
    Orc (2/2) D:10
    Elf: Orc:2

Altars:
Ashenzari
Dithmenos
Fedhas
Ru
Zin
Beogh

Shops:
D:7 %   D:8 *

Annotations:
Orc:2 Nessos; letownia2's ghost, journeyman DDNe


Innate Abilities, Weirdness & Mutations

You reflexively headbutt those who attack you in melee.
You have a pair of horns on your head.


Message History

You whack letownia2's ghost!
You headbutt letownia2's ghost, but do no damage.
Letownia2's ghost is heavily damaged.
You feel sick. The orc misses you. You furiously retaliate!
You headbutt the orc!
You kill the orc!
Trog accepts your kill.
The orc warlord hits you with a great mace of holy wrath!
* * * LOW HITPOINT WARNING * * *
You whack letownia2's ghost! Your headbutt misses letownia2's ghost.
Letownia2's ghost is heavily damaged.
Letownia2's ghost is infused with unholy energy.
* * * LOW HITPOINT WARNING * * *
Letownia2's ghost draws life force from you and is healed!
The orc warrior completely misses you.
You thrash letownia2's ghost!! You headbutt letownia2's ghost!
Letownia2's ghost is almost destroyed.
The orc sorcerer gestures at you while chanting.
The bolt of fire hits you!
You die...

###......... .....##
##$##........
......###.........._.
......#..............
..o.......))........
#ooo....<..).......
###ooo......[))......
#..[ooo....()).#$...
##..@W...$.(......$..
#.....((((...........
#....................
#................<...#.
#............<........#
...........#..........#
........$..##........##
..........###........
........## #......


You could see an orc warlord, an orc sorcerer, 4 orc warriors, an orc priest,
letownia2's ghost and 3 orcs.

Vanquished Creatures
  Gastronok (Lair:3)
  Fannar (Lair:3)
  5 hydras
  2 centaur warriors (D:11)
  3 catoblepae (Lair:6)
  A two-headed ogre (D:8)
  4 death yaks (Lair:6)
  Urug (Lair:4)
  2 unseen horrors (D:10)
  2 orc knights
  An ugly thing (D:11)
  2 orc sorcerers (Orc:2)
  2 manticores (Lair:6)
  4 elephants (Lair:6)
  2 black mambas
  A gargoyle (D:11)
  8 spiny frogs
  A rime drake (Lair:6)
  6 komodo dragons
  2 trolls
  A hornet (D:8)
  2 tyrant leeches (Lair:3)
  4 slime creatures (D:12)
  14 blink frogs
  5 dream sheep (Lair:6)
  A vampire (D:11)
  8 hippogriffs
  57 yaks
  2 wyverns
  A basilisk (Lair:3)
  2 soldier ants (D:8)
  21 wargs
  4 water moccasins
  17 porcupines
  18 orc warriors
  2 ice beasts
  2 sky beasts
  A black bear (D:11)
  A necrophage (D:6)
  2 ogres
  A phantom (D:11)
  8 wolves
  6 centaurs
  10 crocodiles
  4 big kobolds
  7 bullfrogs
  A gnoll sergeant (D:10)
  3 scorpions
  4 wights (D:8)
  3 killer bees (D:8)
  4 electric eels (Lair:5)
  5 crimson imps
  4 centaur zombies
  A bullfrog zombie (D:12)
  2 quasits
  3 jellies
  6 hounds
  A centaur skeleton (D:11)
  11 orc priests
  A bullfrog skeleton (D:6)
  2 iguanas
  Terence (D:3)
  7 hell rats (Lair:5)
  14 orc wizards
  7 worker ants
  A hound zombie (D:10)
  3 gnolls (D:10)
  14 adders
  7 river rats
  4 shadow imps
  An ooze (D:4)
  2 worms (D:2)
  A dart slug (D:1)
  11 leopard geckos
  75 orcs
  8 bats
  5 giant cockroaches
  9 goblins
  5 hobgoblins
  9 jackals
  4 quokkas
  2 ball pythons
  7 frilled lizards
  A giant cockroach zombie (D:5)
  9 kobolds
  A leopard gecko zombie (D:5)
  13 rats
  A fungus (D:11)
525 creatures vanquished.

Vanquished Creatures (collateral kills)
  An ogre (D:8)
1 creature vanquished.

Vanquished Creatures (others)
  An orc (Orc:2)
  A fungus (Lair:5)
  4 plants
6 creatures vanquished.

Grand Total: 532 creatures vanquished

Notes
Turn   | Place    | Note
-------+----------+-------------------------------------------
     0 | D:1      | Glalom the Minotaur Berserker began the quest for the Orb.
     0 | D:1      | Reached XP level 1. HP: 19/19 MP: 0/0
    74 | D:1      | Reached XP level 2. HP: 27/27 MP: 1/1
   159 | D:1      | Reached skill level 4 in Maces & Flails
   260 | D:1      | Reached ** piety under Trog
   260 | D:1      | Reached XP level 3. HP: 31/33 MP: 2/2
   716 | D:2      | Found a shattered altar of Ashenzari.
   743 | D:2      | Reached skill level 5 in Maces & Flails
   743 | D:2      | Reached XP level 4. HP: 24/40 MP: 3/3
  1218 | D:2      | Noticed an angel
  1219 | D:2      | Found a glowing silver altar of Zin.
  1351 | D:3      | Noticed Terence
  1356 | D:3      | Killed Terence
  1658 | D:3      | Found a glowing drain.
  1677 | D:3      | Reached XP level 5. HP: 47/47 MP: 4/4
  1714 | Sewer    | Entered a sewer
  1854 | Sewer    | Reached skill level 6 in Maces & Flails
  1870 | Sewer    | Found a white marble altar of Elyvilon.
  2046 | D:3      | Reached skill level 5 in Fighting
  2046 | D:3      | Reached XP level 6. HP: 50/56 MP: 5/5
  2324 | D:4      | Reached *** piety under Trog
  2438 | D:4      | Reached skill level 7 in Maces & Flails
  2446 | D:4      | Reached skill level 5 in Armour
  2591 | D:4      | Found a sacrificial altar of Ru.
  2600 | D:4      | Reached XP level 7. HP: 58/61 MP: 6/6
  2828 | D:5      | Entered Level 5 of the Dungeon
  2875 | D:5      | Reached skill level 8 in Maces & Flails
  3149 | D:5      | Got a translucent pewter ring
  3150 | D:5      | Identified the ring of the Establishment {rPois EV+5 Dex+6 SInv} (You found it on level 5 of the Dungeon)
  3233 | D:5      | Found a staircase to the Ecumenical Temple.
  3246 | D:5      | Reached **** piety under Trog
  3691 | D:6      | Reached XP level 8. HP: 71/71 MP: 7/7
  3724 | D:6      | Found a shadowy altar of Dithmenos.
  3817 | D:6      | Reached skill level 9 in Maces & Flails
  4308 | D:7      | Noticed a hippogriff
  4311 | D:7      | Killed a hippogriff
  4311 | D:7      | Reached skill level 10 in Maces & Flails
  4382 | D:7      | Reached XP level 9. HP: 81/81 MP: 8/8
  4813 | D:7      | Found a flagged portal.
  4896 | D:7      | Found Plog's Food Boutique.
  5078 | D:8      | Reached skill level 11 in Maces & Flails
  5620 | D:8      | Paralysed by a hornet for 3 turns
  5629 | D:8      | Reached skill level 12 in Maces & Flails
  5824 | D:8      | Found Erisad's Assorted Antiques.
  5848 | D:8      | Noticed a two-headed ogre
  5853 | D:8      | Killed a two-headed ogre
  5853 | D:8      | Reached XP level 10. HP: 75/91 MP: 9/9
  5959 | D:8      | Reached ***** piety under Trog
  6445 | D:9      | Reached skill level 13 in Maces & Flails
  6565 | D:9      | Reached skill level 10 in Fighting
  6647 | D:9      | Noticed an orc knight
  6782 | D:9      | Reached skill level 10 in Armour
  6862 | D:9      | Reached skill level 14 in Maces & Flails
  7025 | D:9      | Killed an orc knight
  7315 | D:10     | Entered Level 10 of the Dungeon
  7321 | D:10     | Reached XP level 11. HP: 101/101 MP: 10/10
  7379 | D:10     | Found a staircase to the Orcish Mines.
  7516 | D:10     | Received a gift from Trog
  7659 | D:10     | Found a blossoming altar of Fedhas.
  7682 | D:10     | Noticed an unseen horror
  7686 | D:10     | Noticed an unseen horror
  7688 | D:10     | Killed an unseen horror
  7700 | D:10     | Killed an unseen horror
  8045 | D:11     | Noticed a centaur warrior
  8052 | D:11     | Killed a centaur warrior
  8102 | D:11     | Noticed a purple ugly thing
  8109 | D:11     | Killed a purple ugly thing
  8164 | D:11     | Reached skill level 15 in Maces & Flails
  8418 | D:11     | Found a staircase to the Lair.
  8484 | Lair:1   | Entered Level 1 of the Lair of Beasts
  8890 | Lair:1   | Identified 2 scrolls of acquirement
  9100 | D:8      | Bought a buckler for 108 gold pieces
  9255 | Lair:2   | Got a fabulously ornate robe
  9256 | Lair:2   | Identified the +5 robe of Uthraeh {*Contam rCorr Int+4} (You found it on level 2 of the Lair of Beasts)
  9316 | Lair:2   | Reached skill level 1 in Shields
  9696 | Lair:3   | Noticed Fannar
  9718 | Lair:3   | Killed Fannar
  9750 | Lair:3   | Noticed Gastronok
  9761 | Lair:3   | Killed Gastronok
  9761 | Lair:3   | Reached skill level 5 in Dodging
  9761 | Lair:3   | Reached skill level 5 in Shields
  9761 | Lair:3   | Reached XP level 12. HP: 110/110 MP: 11/11
  9814 | Lair:3   | Received a gift from Trog
  9937 | Lair:3   | Found a staircase to the Snake Pit.
 10017 | Lair:3   | Found a staircase to the Swamp.
 10542 | Lair:4   | Reached skill level 1 in Evocations
 10812 | Lair:4   | Noticed Urug
 10821 | Lair:4   | Killed Urug
 10867 | Lair:4   | Noticed an eight-headed hydra
 10875 | Lair:4   | Killed an eight-headed hydra
 10907 | Lair:4   | Noticed a seven-headed hydra
 10914 | Lair:4   | Killed a seven-headed hydra
 11085 | Lair:4   | Noticed a seven-headed hydra
 11095 | Lair:4   | Killed a seven-headed hydra
 12285 | Lair:5   | Noticed an eight-headed hydra
 12301 | Lair:5   | Killed an eight-headed hydra
 12301 | Lair:5   | Reached XP level 13. HP: 77/119 MP: 13/15
 12903 | Lair:6   | Entered Level 6 of the Lair of Beasts
 13086 | Lair:6   | Reached skill level 5 in Evocations
 13242 | Lair:6   | Reached ****** piety under Trog
 13346 | Lair:6   | Received a gift from Trog
 13736 | Lair:6   | Reached skill level 10 in Dodging
 14204 | Lair:6   | Found a staircase to the Slime Pits.
 14264 | Lair:6   | Reached XP level 14. HP: 126/130 MP: 17/17
 14528 | Slime:1  | Entered Level 1 of the Pits of Slime
 15785 | Orc:1    | Entered Level 1 of the Orcish Mines
 16079 | Orc:2    | Entered Level 2 of the Orcish Mines
 16082 | Orc:2    | Found a roughly hewn altar of Beogh.
 16181 | Orc:2    | Noticed letownia2's ghost (journeyman DDNe)
 16181 | Orc:2    | Noticed Nessos
 16186 | Orc:2    | Noticed an orc warlord
 16195 | Orc:2    | Received a gift from Trog
 16201 | Orc:2    | Killed from afar by an orc sorcerer

Skill      XL: |  1  2  3  4  5  6  7  8  9 10 11 12 13 14 |
---------------+-------------------------------------------+-----
Maces & Flails | 4 5 6 7 8 10 12 14 15 | 15.5
Fighting       | 4 5 6 7 9 10 11 12 13 14 | 14.1
Armour         | 3 4 5 6 7 8 10 11 12 13 14 | 14.0
Shields        | 5 6 |  6.4
Dodging        | 5 8 10 | 10.5
Evocations     | 4 6 7 |  7.0

Action                   |  1- 3 |  4- 6 |  7- 9 | 10-12 | 13-15 || total
-------------------------+-------+-------+-------+-------+-------++-------
Melee: Mace              |    72 |    84 |       |       |       ||   156
       Headbutt          |     8 |    21 |    50 |   186 |   200 ||   465
       Morningstar       |       |    59 |   195 |   161 |       ||   415
       Dire flail        |       |       |       |   126 |       ||   126
       Demon whip        |       |       |       |   289 |   561 ||   850
Invok: Berserk           |       |     3 |     3 |     8 |     5 ||    19
       Trog's Hand       |       |       |     2 |       |     1 ||     3
       Burn Spellbooks   |       |       |     1 |     1 |       ||     2
       Brothers in Arms  |       |       |     1 |       |       ||     1
  Use: Scroll            |       |     7 |     6 |    20 |     5 ||    38
 Stab: Paralysed         |       |       |     2 |       |       ||     2
       Distracted        |       |       |       |       |     1 ||     1
  Eat: Chunk             |       |     4 |    15 |    23 |    17 ||    59
       Bread ration      |       |     1 |       |     3 |       ||     4
Armor: Chain mail        |    37 |    90 |    91 |   140 |    92 ||   450
Dodge: Dodged            |    54 |    60 |   117 |   308 |   269 ||   808
Block: Buckler           |       |       |       |    47 |   103 ||   150
